 Dungeon Crawl Stone Soup version 0.17.1-1-g73c8601 (webtiles) character file.

86 PossumBlood the Slasher (level 4, -9/39 HPs)
             Began as a Minotaur Fighter on Jan 6, 2016.
             Killed by nerve-wracking pain
             ... invoked by Grinder
              (12 damage)
             ... on level 3 of the Dungeon.
             The game lasted 00:05:47 (1588 turns).

PossumBlood the Slasher (Minotaur Fighter)          Turns: 1588, Time: 00:05:48

Health: -9/39      AC:  6    Str: 19    XL:     4   Next: 26%
Magic:  3/3        EV:  7    Int:  5    God:
Gold:   59         SH: 10    Dex:  8    Spells: 0 memorised, 3 levels left

rFire  . . .     SeeInvis .     a - +2 long sword
rCold  . . .     Clarity  .     b - +0 scale mail
rNeg   . . .     SustAt   .     c - +1 shield
rPois  .         Gourm    .     (helmet restricted)
rElec  .         Spirit   .     (no cloak)
rCorr  .         Warding  .     (no gloves)
rMut   .         Stasis   .     (no boots)
MR     .....                    (no amulet)
Stlth  ..........               (no ring)
                                (no ring)

@: not resistant to hostile enchantments, extremely unstealthy
A: retaliatory headbutt, horns 2, blurry vision 1, clumsy 1, weak 1
a: no special abilities


You were on level 3 of the Dungeon.
You were not hungry.

You visited 1 branch of the dungeon, and saw 3 of its levels.

You collected 59 gold pieces.

Inventory:

Hand Weapons
 a - a +2 long sword (weapon)
Armour
 b - a +0 scale mail (worn)
 c - a +1 shield (worn)
Scrolls
 g - a scroll of random uselessness
 i - 3 scrolls of identify
 n - a scroll of remove curse
Potions
 d - a potion of flight
 m - a potion of haste
 o - a potion of might
Comestibles
 e - 4 bread rations
 h - 3 meat rations
 p - a slice of pizza


   Skills:
 - Level 3.6 Fighting
 * Level 5.5 Long Blades
 - Level 3.6 Armour
 - Level 3.6 Shields


You had 3 spell levels left.
You didn't know any spells.

Dungeon Overview and Level Annotations

Branches:
Dungeon (3/15)

Altars:

Annotations:
D:3 Grinder


Innate Abilities, Weirdness & Mutations

You reflexively headbutt those who attack you in melee.
You have a pair of horns on your head.
Scrolls take you a little longer to read.
You are clumsy. (Dex -2)
You are weak. (Str -2)


Message History

You slash the hobgoblin!
You kill the hobgoblin!
You hit Grinder.
Grinder is severely wounded.
Grinder gestures at you. Pain shoots through your body!
* * * LOW HITPOINT WARNING * * *
Drink which item? (? for menu, Esc to quit)
It was a potion of mutation.
You feel extremely strange.
You feel clumsy.
You feel weaker.
Your vision blurs.
Grinder hits you but does no damage.
You hit Grinder.
Grinder is almost dead.
Grinder gestures at you. You resist with significant effort.
You hit Grinder.
Grinder is almost dead.
Grinder gestures at you. Pain shoots through your body!
You die...

# #
.......########## .
................. #
.!...........)...
.................
.................
..>................#
...................#
......†@)..........#
......)5...........#
...................#
...................#
...................#
...................#
$..................#
...................#
.................#


You could see Grinder.

Vanquished Creatures
  2 adders (D:2)
  3 oozes
  3 giant geckos
  4 bats
  5 giant cockroaches
  7 goblins
  6 hobgoblins
  5 jackals
  2 kobolds
  8 giant newts
  9 rats
54 creatures vanquished.

Notes
Turn   | Place    | Note
--------------------------------------------------------------
     0 | D:1      | PossumBlood the Minotaur Fighter began the quest for the Orb.
     0 | D:1      | Reached XP level 1. HP: 19/19 MP: 0/0
   135 | D:1      | Reached XP level 2. HP: 23/26 MP: 1/1
   198 | D:1      | Reached skill level 4 in Long Blades
   619 | D:1      | Reached XP level 3. HP: 31/31 MP: 2/2
  1028 | D:2      | Reached skill level 5 in Long Blades
  1198 | D:2      | Reached XP level 4. HP: 39/39 MP: 3/3
  1565 | D:3      | Noticed Grinder
  1570 | D:3      | Paralysed by Grinder for 3 turns
  1577 | D:3      | Paralysed by Grinder for 6 turns
  1586 | D:3      | Gained mutation: You are clumsy. (Dex -2) [potion of mutation]
  1586 | D:3      | Gained mutation: You are weak. (Str -2) [potion of mutation]
  1586 | D:3      | Gained mutation: Scrolls take you a little longer to read. [potion of mutation]
  1588 | D:3      | Killed from afar by Grinder

Action                   |  1- 3 |  4- 6 || total
-------------------------+-------+-------++-------
Melee: Long sword        |    91 |    28 ||   119
  Use: Potion            |     1 |     2 ||     3
       Scroll            |       |    10 ||    10
  Eat: Royal jelly       |     1 |       ||     1
